 Dungeon Crawl Stone Soup version 0.29.1-15-g9cfb28693d (webtiles) character file.

Game seed: 17636620382130415985

417 croobank the Sneak (level 6, -10/43 HPs)
             Began as an Octopode Delver on Mar 15, 2023.
             Was a Believer of Vehumet.
             Mangled by Blork the orc
             ... wielding a +3 battleaxe of flaming
              (19 damage)
             ... on level 4 of the Dungeon.
             The game lasted 00:13:40 (4469 turns).

croobank the Sneak (Octopode Delver)                Turns: 4469, Time: 00:13:40

Health: -10/43     AC:  0    Str: 10 (12) XL:     6   Next: 92%
Magic:  8/8        EV: 15    Int: 14      God:    Vehumet [**....]
Gold:   114        SH:  0    Dex: 13      Spells: 1/7 levels left

rFire   . . .      SeeInvis .   (weapon currently unavailable)
rCold   . . .      Faith    .   (shield currently unavailable)
rNeg    . . .      Spirit   .   (helmet currently unavailable)
rPois   .          Reflect  .   (no amulet)
rElec   .          Harm     .   (ring currently unavailable)
rCorr   .          Rampage  .   (ring currently unavailable)
Will    .....                   (ring currently unavailable)
Stlth   ++++......              (ring currently unavailable)
HPRegen 0.14/turn               (ring currently unavailable)
MPRegen 0.11/turn               (ring currently unavailable)
                                (ring currently unavailable)
                                (ring currently unavailable)

@: mighty, pig-form, very quick
A: fast, no casting, almost no armour, (amphibious), (8 rings), small,
(camouflage 1), (gelatinous body 1), (nimble swimmer 1), (tentacles)
a: Renounce Religion


You were on level 4 of the Dungeon.
You worshipped Vehumet.
Vehumet was pleased with you.
You were a filthy swine.
You visited 1 branch of the dungeon, and saw 6 of its levels.

You collected 192 gold pieces.
You spent 78 gold pieces at shops.

Inventory:

Hand Weapons
 a - a +0 hand axe of freezing (melded)
 b - a +0 sling
 h - a +0 rapier
 i - a +0 dagger
 n - a +0 short sword of holy wrath
 q - a +1 dagger of venom
Missiles
 g - 5 curare-tipped darts
Jewellery
 c - a +4 ring of protection (melded)
 z - an amulet of the acrobat
Wands
 f - a wand of digging (3)
 v - a wand of flame (21)
Scrolls
 d - 2 scrolls of fear
 k - a scroll of fog
 m - 3 scrolls of teleportation
 s - a scroll of blinking {unknown}
 x - a scroll of enchant weapon {unknown}
 y - 3 scrolls of identify
Potions
 j - 2 potions of haste
 l - a potion of curing
 p - 2 potions of lignification
 r - 2 potions of brilliance
 t - a potion of ambrosia
 u - a potion of attraction
 w - a potion of mutation


   Skills:
 + Level 4.1 Fighting
 + Level 3.3 Axes
 + Level 3.2 Dodging
 + Level 7.7 Stealth
 + Level 1.4 Spellcasting
 + Level 1.7 Conjurations
 * Level 1.6 Summonings
 * Level 1.7 Translocations


You had one spell level left.
You knew the following spells:

 Your Spells              Type           Power      Damage    Failure   Level
a - Magic Dart            Conj           20%        1d4       12%         1
b - Summon Forest         Summ/Tloc      2%         N/A       98%         5

Your spell library contained the following spells:

 Spells                   Type           Power      Damage    Failure   Level
 Scorch                   Fire           2%         2d5       36%         2
 Necrotise                Necr           4%         1d4       26%         1
 Call Imp                 Summ           5%         N/A       19%         2
 Mephitic Cloud           Conj/Pois/Air  2%         N/A       52%         3
 Vampiric Draining        Necr           1%         2d6       58%         3
 Summon Mana Viper        Hex/Summ       3%         N/A       99%         5
 Agony                    Necr           1%         N/A       100%        5
 Summon Cactus Giant      Summ           2%         N/A       100%        6


Dungeon Overview and Level Annotations

Branches:
Dungeon (6/15)
 Temple: D:4-7

Altars:
Ashenzari
Makhleb
Ru
Vehumet
Yredelemnul

Shops:
D:1 ?   D:2 (

Annotations:
D:4 Blork the orc
D:5 Eustachio, Menkaure


Innate Abilities, Weirdness & Mutations

You are a filthy swine.
You move quickly.
Your equipment is almost entirely melded.
You are incapable of wielding weapons or throwing items.
You cannot cast spells.
You cannot wear most types of armour.
((You are amphibious.))
((You can wear up to eight rings at the same time.))
((Your skin changes colour to match your surroundings (Stealth+).))
((Your rubbery body absorbs attacks. (AC +1, EV +1)))
((You are camouflaged when in or above water. (Stealth+)))
((You have tentacles for arms and can constrict up to eight enemies at once.))


Message History

Something hits you! Something burns you.
The ball python hisses angrily.
You hit something. You freeze something. Your squeeze misses something.
Something hits you! Something burns you.
The ball python bites you but does no damage.
The ball python misses you.
Aiming: Fastroot
Press: ? - help, Shift-Dir - straight line The roots erupt in riotous growth!
Roots grab the ball python.
The grasping roots constrict the ball python.
You kill the ball python!
Vehumet accepts your kill.
You hear a zap.
Something tries to affect you, but you resist.
You feel very mighty all of a sudden. Something hits you!
* * * LOW HITPOINT WARNING * * *
Something burns you.
* * * LOW HITPOINT WARNING * * *
Aiming: Fastroot
Press: ? - help, Shift-Dir - straight line The roots erupt in riotous growth!
The endoplasm is unaffected.
The now-empty wand crumbles to dust.
You hear some strange, mumbled words.
The endoplasm hits you but does no damage.
The dart slug launches a dart at you. The slug dart misses you.
You completely miss something. Your squeeze misses something.
You hit the endoplasm. You freeze the endoplasm. Something barely misses you.
The endoplasm freezes you.
You are frozen.
* * * LOW HITPOINT WARNING * * *
You hear a zap.
You turn into a filthy swine.
Your +0 hand axe of freezing melds into your body.
Your +4 ring of protection melds into your body.
Your +0 hand axe of freezing stops glowing.
You feel better. Something hits you!!
You die...

..........###...#....#..#.#..#...
......#..####................#...
......#..##......................
#.....#......[..........#.......<
.......................####......
...#.....................†#......
...............#..........#.....#
..........##...#.........###....#
........#....w.{h.........##.####
####.##.#..#...J.........##....#
**...........................##
*,,...............#..###....##
**,...w....##.#!....## #.#...#
****#....,*###..<..#**###...#
*,,.*** ####...,* ##### *****
#..##* ##.#


You could see a dart slug and an endoplasm.

Vanquished Creatures
  A jelly (D:5)
  Ijyb (D:3)
  Natasha (thrice) (D:2)
  4 iguanas (D:4)
  Terence (D:2)
  3 adders
  A shadow imp (D:5)
  A worm (D:2)
  4 dart slugs
  8 orcs
  9 ball pythons
  8 endoplasms
  3 giant cockroaches
  6 goblins
  6 hobgoblins
  16 jackals
  6 quokkas
  A bat (D:2)
  7 frilled lizards
  10 kobolds
  8 rats
107 creatures vanquished.

Vanquished Creatures (others)
  3 plants (D:4)
3 creatures vanquished.

Grand Total: 110 creatures vanquished

Notes
Turn   | Place    | Note
-------+----------+-------------------------------------------
     0 | D:5      | croobank the Octopode Delver began the quest for the Orb.
     0 | D:5      | Reached XP level 1. HP: 16/16 MP: 1/1
    14 | D:5      | Noticed Eustachio
    49 | D:6      | Noticed a black bear
   113 | D:6      | Noticed a steam dragon
   164 | D:6      | Noticed an orc warrior
   213 | D:5      | Noticed Menkaure
   217 | D:5      | Found a sacrificial altar of Ru.
   225 | D:5      | Noticed a hound
   286 | D:5      | Reached XP level 2. HP: 1/21 MP: 2/2
   612 | D:5      | Reached skill level 7 in Stealth
   612 | D:5      | Reached XP level 3. HP: 11/26 MP: 3/3
  1042 | D:4      | Learned a level 1 spell: Magic Dart
  1070 | D:4      | Noticed Blork the orc
  1099 | D:4      | Reached XP level 4. HP: 5/32 MP: 4/4
  1391 | D:4      | Found a radiant altar of Vehumet.
  1405 | D:4      | Became a worshipper of Vehumet
  1435 | D:4      | Reached XP level 5. HP: 35/37 MP: 4/6
  1478 | D:3      | Reached skill level 1 in Conjurations
  1485 | D:3      | Found a basalt altar of Yredelemnul.
  1544 | D:3      | Noticed Ijyb
  1567 | D:3      | HP: 1/37 [Ijyb/+0 club (3)]
  1568 | D:3      | Killed Ijyb
  1569 | D:3      | Reached skill level 1 in Spellcasting
  1920 | D:2      | Learned a level 5 spell: Summon Forest
  2007 | D:2      | Identified the +0 ring mail of the Silversmith {Dex+4}
  2045 | D:2      | Noticed Natasha
  2049 | D:2      | Killed Natasha
  2174 | D:2      | Noticed Natasha
  2185 | D:2      | Killed Natasha
  2186 | D:2      | Reached XP level 6. HP: 37/43 MP: 7/7
  2355 | D:2      | Found Gisyotil's Weapon Shoppe.
  2458 | D:2      | Reached * piety under Vehumet
  2458 | D:2      | Offered knowledge of Freeze by Vehumet.
  2460 | D:2      | Found a burning altar of Makhleb.
  2482 | D:2      | Reached skill level 1 in Translocations
  2517 | D:2      | Noticed Terence
  2529 | D:2      | Killed Terence
  2530 | D:2      | Reached skill level 1 in Summonings
  2682 | D:2      | Noticed Natasha
  2686 | D:2      | Killed Natasha
  3247 | D:1      | Found a faded altar of an unknown god.
  3267 | D:1      | Reached ** piety under Vehumet
  3271 | D:1      | Offered knowledge of Scorch by Vehumet.
  3320 | D:1      | Found Offoas's Magic Scroll Shoppe.
  3333 | D:1      | Bought a scroll of identify for 26 gold pieces
  3344 | D:1      | Bought a scroll of identify for 26 gold pieces
  3344 | D:1      | Bought a scroll of identify for 26 gold pieces
  3968 | D:3      | Found a burning altar of Makhleb.
  4127 | D:3      | Found a broken altar of Ashenzari.
  4468 | D:4      | HP: 2/43 [frozen (5)]
  4469 | D:4      | Mangled by Blork the orc

Illustrated notes

Levels and vault maps discovered:
D:1:      dpeg_arrival_simpleton_c, layout_basic, serial_shops,
          nicolae_square_shop, hellmonk_ecumenical_altar_arch_garden
D:2:      layout_basic, basic_altar, serial_shops, shop, uniq_natasha,
          uniq_terence
D:3:      layout_basic, bloody_makhleb, mainiacjoe_overflow_tiny_flanked,
          nicolae_ashenzari_panopticon, uniq_ijyb
D:4:      layout_cave_pools, lemuel_doored_altar, serial_column_ruins,
          column_ruins_open_small, column_ruins_columns_dead_end,
          column_ruins_grid_3, column_ruins_open_small,
          column_ruins_open_medium, column_ruins_open_medium,
          minmay_lizard_king, uniq_blork_the_orc
D:5:      layout_cave_pools, hangedman_ru_absence, uniq_eustachio, uniq_pikel,
          uniq_menkaure, uniq_grinder
D:6:      layout_loops_corners, nicolae_gozag_seed_capital,
          minmay_temple_entry_drinking_statues, patterned_corridor

Skill      XL: |  1  2  3  4  5  6 |
---------------+-------------------+-----
Stealth        | 7 |  7.7
Conjurations   | 1 |  1.7
Axes           | 3 |  3.3
Spellcasting   | 1 |  1.4
Dodging        | 3 |  3.2
Translocations | 1 |  1.7
Summonings     | 1 |  1.6
Fighting       | 4 |  4.1

Action                   |  1- 3 |  4- 6 || total
-------------------------+-------+-------++-------
Melee: Hand axe          |    29 |   200 ||   229
       Constrict         |     5 |    57 ||    62
       Tentacles         |     5 |    33 ||    38
       Punch             |       |     3 ||     3
 Cast: Magic Dart        |       |     4 ||     4
Evoke: Wand              |       |     3 ||     3
  Use: Scroll            |     1 |     9 ||    10
       Potion            |       |     5 ||     5
 Stab: Sleeping          |     6 |    23 ||    29
Armor: Skin              |     3 |    55 ||    58
Dodge: Dodged            |    11 |   156 ||   167
